 Dungeon Crawl Stone Soup version 0.18-a0-1070-gd466a24 (webtiles) character file.

2820 ater218 the Magician (level 9, -3/76 HPs)
             Began as a Naga Transmuter on Jan 13, 2016.
             Shot with a sling bullet by Joseph (7 damage)
             ... on level 7 of the Dungeon.
             The game lasted 01:00:27 (11995 turns).

ater218 the Magician (Naga Transmuter)             Turns: 11995, Time: 01:00:28

Health: -3/76      AC:  6    Str: 12    XL:     9   Next: 73%
Magic:  17/18      EV: 24    Int: 17    God:
Gold:   249        SH:  0    Dex: 17    Spells: 4 memorised, 5 levels left

rFire  + . .     SeeInvis +       - Unarmed
rCold  . . .     Gourm    +     (armour currently unavailable)
rNeg   . . .     Faith    .     (shield currently unavailable)
rPois  x         Spirit   .     (helmet currently unavailable)
rElec  .         Dismiss  .     (cloak currently unavailable)
rCorr  .         Reflect  .     (gloves currently unavailable)
SustAt .         Harm     .     (no barding)
MR     +....     Rnd*Tele +     k - amulet of the gourmand
Stlth  ++........               q - ring of protection from fire
                                u - +4 ring of protection

@: about to teleport, spider-form, somewhat resistant to hostile enchantments,
unstealthy
A: see invisible, (deformed body), (poison resistance), (slowness 0), slow
metabolism 1, spit poison 2, teleportitis 1, wild magic 1, AC +3
a: Spit Poison, End Transformation


You were on level 7 of the Dungeon.
You were very full.
You were a venomous arachnid creature.
You visited 2 branches of the dungeon, and saw 8 of its levels.

You collected 249 gold pieces.

Inventory:

Missiles
 j - 14 arrows
Armour
 b - a +0 pair of gloves (melded)
 o - a +2 robe of positive energy (melded)
Jewellery
 k - an amulet of the gourmand (around neck)
 q - a ring of protection from fire (right front leg)
 u - a +4 ring of protection (left front leg)
Wands
 e - a wand of random effects (18/48)
 p - a wand of polymorph (6/24)
 x - a wand of flame (23/48)
Scrolls
 a - 3 scrolls of remove curse
 d - 4 scrolls of enchant weapon
 f - 6 scrolls of identify
 i - a scroll of fog
 m - a scroll of teleportation
Potions
 g - 3 potions of curing
 h - a potion of magic
 n - a potion of flight
Books
 c - a book of Changes

   Spells                             Type                      Level
   a - Beastly Appendage              Transmutation                1
   b - Sticks to Snakes               Transmutation                2
   c - Spider Form                    Transmutation/Poison         3
   d - Ice Form                       Ice/Transmutation            4
   e - Blade Hands                    Transmutation                5
 t - a Fen Folio

   Spells                             Type                      Level
   a - Corpse Rot                     Necromancy                   2
   b - Stone Arrow                    Conjuration/Earth            3
   c - Leda's Liquefaction            Hexes/Earth                  4
   d - Summon Forest                  Summoning/Translocation      5
   e - Hydra Form                     Transmutation                6
   f - Summon Hydra                   Summoning                    7
 v - a book of Annihilations

   Spells                             Type                      Level
   a - Poison Arrow                   Conjuration/Poison           6
   b - Chain Lightning                Conjuration/Air              8
   c - Lehudib's Crystal Spear        Conjuration/Earth            8
   d - Glaciate                       Conjuration/Ice              9
   e - Fire Storm                     Conjuration/Fire             9
Comestibles
 l - 4 beef jerkies
 r - a meat ration
 s - 2 bread rations
 w - a royal jelly


   Skills:
 + Level 3.5 Fighting
 + Level 5.6 Dodging
 + Level 6.1 Unarmed Combat
 * Level 6.2 Spellcasting
 * Level 6.0 Transmutations
 + Level 4.0 Poison Magic


You had 5 spell levels left.
You knew the following spells:

 Your Spells              Type           Power        Failure   Level  Hunger
a - Beastly Appendage     Trmt           #####.       11%         1    None
b - Spider Form           Trmt/Pois      ####......   30%         3    ##.....
c - Blade Hands           Trmt           #####.....   67%         5    #####..
d - Hydra Form            Trmt           #####.....   100%        6    #######


Dungeon Overview and Level Annotations

Branches:
Dungeon (7/15)             Temple (1/1) D:5

Altars:
Ashenzari
Cheibriados
Dithmenos
Elyvilon
Fedhas
Gozag
Kikubaaqudgha
Makhleb
Nemelex Xobeh
Okawaru
Pakellas
Qazlal
Ru
Sif Muna
Trog
Vehumet
Xom
Yredelemnul
Zin
The Shining One

Shops:
D:5 :

Annotations:
D:7 Joseph


Innate Abilities, Weirdness & Mutations

You cannot wear boots.
((Your serpentine skin is tough (AC +3).))
You have supernaturally acute eyesight.
((Armour fits poorly on your strangely shaped body.))
((Your system is resistant to poisons.))
((You cover ground very slowly.))
You have a slow metabolism.
You can spit poison.
You are occasionally teleported next to monsters.
Your spells are a little harder to cast, but a little more powerful.


Message History

Joseph is heavily wounded.
Joseph shouts, "I love to fight!
I love killing!"
Joseph completely misses you.
You bite Joseph!
Joseph is severely wounded.
Joseph hits you with an uncursed quarterstaff.
You barely miss Joseph.
Joseph is severely wounded.
Joseph hits you with an uncursed quarterstaff!
* * * LOW HITPOINT WARNING * * *
As you read the scroll of teleportation, it crumbles to dust.
You feel strangely unstable.
Joseph unwields an uncursed quarterstaff.
Joseph wields an uncursed hunting sling.
Joseph shoots a sling bullet.
The sling bullet misses you.
Joseph shoots a sling bullet.
The sling bullet hits you!
* * * LOW HITPOINT WARNING * * *
You see here a sling bullet.
Joseph shoots a sling bullet.
The sling bullet hits you!
You die...

## ###.# #...# #### #.#.# #####
...## ##(..# #....
###...##...###########...)
..........((..............
..........###########.....
...#..(s................
...#..##############....
.§....@...##.....# #....
.................# #....
§§...............#####.... #§#
#...........[.............. #.#
#...........).....#.....###
##.####..........))............##
...................#####.).....#.


You could see Joseph.

Vanquished Creatures
  Pikel (D:7)
  Sigmund (D:3)
  An orc warrior (D:6)
  Edmund (D:4)
  Menkaure (D:6)
  A slave (D:7)
  2 ice beasts (D:6)
  A sky beast (D:6)
  2 ogres (D:6)
  3 giant frogs (D:6)
  A scorpion (D:5)
  2 crimson imps
  2 hounds
  2 jellies (D:6)
  2 giant frog skeletons
  A centaur skeleton (D:5)
  An iguana (D:3)
  4 orc priests
  Ijyb (D:3)
  Natasha (twice) (D:3)
  6 orc wizards
  5 worker ants
  A killer bee zombie (D:6)
  2 hound skeletons (D:6)
  A worker ant zombie (D:5)
  3 gnolls (D:6)
  11 adders
  A shadow imp (D:5)
  4 oozes
  An adder zombie (D:5)
  An adder skeleton (D:7)
  3 worms
  4 giant geckos
  28 orcs
  8 bats
  2 giant cockroaches
  10 goblins
  8 hobgoblins
  2 jackals (D:2)
  13 kobolds
  7 quokkas
  3 ball pythons
  9 giant newts
  A jackal skeleton (D:5)
  A quokka zombie (D:6)
  7 rats
174 creatures vanquished.

Vanquished Creatures (others)
  2 slaves (D:7)
  An orc (D:7)
3 creatures vanquished.

Grand Total: 177 creatures vanquished

Notes
Turn   | Place    | Note
--------------------------------------------------------------
     0 | D:1      | ater218 the Naga Transmuter began the quest for the Orb.
     0 | D:1      | Reached XP level 1. HP: 18/18 MP: 3/3
     6 | D:1      | Noticed a worker ant
     6 | D:1      | Noticed a hog
     6 | D:1      | Noticed a black bear
     7 | D:1      | Noticed a fire drake
     7 | D:1      | Noticed a lindwurm
   141 | D:1      | Found a sparkling altar of Nemelex Xobeh.
   599 | D:1      | Reached XP level 2. HP: 23/25 MP: 3/5
  1573 | D:1      | Reached XP level 3. HP: 26/31 MP: 4/6
  2267 | D:2      | Reached XP level 4. HP: 24/38 MP: 7/7
  2274 | D:2      | Learned a level 3 spell: Spider Form
  3827 | D:2      | Found a burning altar of Makhleb.
  3834 | D:2      | Reached XP level 5. HP: 44/44 MP: 5/9
  4091 | D:2      | Gained mutation: Your spells are a little harder to cast, but a little more powerful. [potion of mutation]
  4091 | D:2      | Gained mutation: You are occasionally teleported next to monsters. [potion of mutation]
  4644 | D:3      | Noticed Ijyb
  4654 | D:3      | Killed Ijyb
  4696 | D:3      | Found an oddly glowing altar of Pakellas.
  4697 | D:3      | Found a white marble altar of Elyvilon.
  4908 | D:3      | Noticed Sigmund
  4921 | D:3      | Killed Sigmund
  4921 | D:3      | Reached skill level 4 in Unarmed Combat
  4921 | D:3      | Reached XP level 6. HP: 43/52 MP: 4/11
  5509 | D:3      | Found an iron altar of Okawaru.
  5528 | D:3      | Reached XP level 7. HP: 56/58 MP: 4/12
  5738 | D:3      | Noticed Natasha
  5747 | D:3      | Killed Natasha
  5811 | D:3      | Noticed Natasha
  5822 | D:3      | Killed Natasha
  5822 | D:3      | Reached skill level 1 in Poison Magic
  6453 | D:4      | Learned a level 5 spell: Blade Hands
  6512 | D:4      | Noticed Edmund
  6527 | D:4      | Killed Edmund
  6548 | D:4      | Found a shadowy altar of Dithmenos.
  7411 | D:5      | Entered Level 5 of the Dungeon
  7987 | D:5      | Found a staircase to the Ecumenical Temple.
  8052 | D:5      | Reached XP level 8. HP: 68/68 MP: 12/14
  8066 | Temple   | Entered the Ecumenical Temple
  8337 | D:5      | Learned a level 6 spell: Hydra Form
  8416 | D:5      | Found Hasatuud's Book Emporium.
  9258 | D:6      | Reached skill level 5 in Unarmed Combat
 10083 | D:6      | Reached skill level 5 in Spellcasting
 10204 | D:6      | Got an encrusted helmet
 10210 | D:6      | Identified the +0 helmet "Olyl" {rF+ rC+ rN++ Str-2} (You found it on level 6 of the Dungeon)
 10353 | D:6      | Reached skill level 5 in Transmutations
 10580 | D:6      | Reached XP level 9. HP: 42/75 MP: 14/17
 10711 | D:6      | Reached skill level 5 in Dodging
 11075 | D:7      | Noticed Pikel
 11080 | D:7      | Noticed Menkaure
 11094 | D:7      | Killed Pikel
 11094 | D:7      | Reached skill level 6 in Spellcasting
 11102 | D:6      | Killed Menkaure
 11977 | D:7      | Noticed Joseph
 11995 | D:7      | Shot with a sling bullet by Joseph

Vault maps used:
D:1:      onia_arrival_zoo_common, nemelex_xobeh_ov_fountains_minmay
D:2:      makhleb_blood_cavern_becter, first_bread
D:3:      okawaru_gym_becter, gammafunk_temple_overflow_statue, uniq_natasha,
          uniq_sigmund, uniq_iyjb
D:4:      nicolae_dithmenos_shadow_blocks, uniq_edmund
D:5:      minmay_temple_entry_water_ring, serial_shops, shop_statue
D:6:      grunt_decor_one_mirror, nrook_loot_triangle, minmay_crossroads
D:7:      lemuel_flamethrower_2, uniq_menkaure, uniq_pikel, uniq_joseph
Temple:   lightli_temple_of_artemis

Action                   |  1- 3 |  4- 6 |  7- 9 || total
-------------------------+-------+-------+-------++-------
Melee: Unarmed           |   132 |   158 |   391 ||   681
 Cast: Beastly Appendage |    24 |     8 |     7 ||    39
       Spider Form       |       |    18 |    47 ||    65
  Use: Scroll            |     4 |     4 |     4 ||    12
       Potion            |     1 |     2 |     8 ||    11
  Eat: Bread ration      |     1 |     2 |     1 ||     4
       Chunk             |       |     1 |    24 ||    25
       Pizza             |       |       |     1 ||     1
